 Dungeon Crawl Stone Soup version 0.19.4-9-g45fd643 (console) character file.

48918 Grinner the Grappler (level 14, -9/118 HPs)
             Began as a Troll Monk on Feb 21, 2017.
             Was the Champion of Jiyva.
             Killed from afar by an orc sorcerer (25 damage)
             ... with a bolt of negative energy
             ... while paralysed by an orc sorcerer
             ... on level 2 of the Orcish Mines.
             The game lasted 01:12:17 (16401 turns).

Grinner the Grappler (Troll Monk)                  Turns: 16401, Time: 01:12:17

Health: -9/118     AC: 14    Str: 21    XL:     14   Next: 14%
Magic:  21/21      EV:  1    Int: 12    God:    Jiyva [******]
Gold:   860        SH:  0    Dex: 14    Spells: 7 memorised, 1 level left

rFire  + . .     SeeInvis .       - Unarmed
rCold  + . .     Gourm    +     C - +1 robe {rC+ rF+}
rNeg   . . .     Faith    .     (shield currently unavailable)
rPois  .         Spirit   .     D - +2 hat {Int+3}
rElec  .         Reflect  .     e - +2 cloak {MR+}
rCorr  +         Harm     .     (gloves unavailable)
MR     ++...                    (boots unavailable)
Stlth  +.........               B - amulet of regeneration
                                m - +3 ring of protection
                                h - ring of wizardry

@: paralysed, blade hands, studying Ice Magic, heavily drained
A: unfitting armour, claws 3, fast metabolism 3, gourmand, regeneration 1,
shaggy fur 1, tough skin 2, jelly sensing items
a: End Transformation, Request Jelly, Slimify, Cure Bad Mutation, Renounce
Religion


You were on level 2 of the Orcish Mines.
You worshipped Jiyva.
Jiyva was exalted by your worship.
You were completely stuffed.
You had blades for hands.
You visited 4 branches of the dungeon, and saw 23 of its levels.
You also visited: Labyrinth, Sewer and Ice Cave.

You collected 1246 gold pieces.
You spent 386 gold pieces at shops.

Inventory:

Armour
 e - a +2 cloak of magic resistance (worn)
 C - a +1 robe of resistance (worn)
 D - a +2 hat of intelligence (worn)
Jewellery
 h - a ring of wizardry (left scythe-like blade)
 j - an uncursed ring of protection from cold
 m - a +3 ring of protection (right scythe-like blade)
 B - an amulet of regeneration (around neck)
Wands
 k - a wand of disintegration (18/24)
 G - a wand of teleportation (3/9)
 S - a wand of iceblast (5/15)
 T - a wand of lightning (6/15)
 Y - a wand of acid (8/15)
Scrolls
 i - 6 scrolls of remove curse
 q - 3 scrolls of fog
 x - a scroll of immolation
 F - 2 scrolls of recharging
 J - a scroll of summoning
 Q - 2 scrolls of identify
 U - a scroll of silence
Potions
 o - 2 potions of curing
 r - 4 potions of resistance
 s - a potion of might
 t - 2 potions of ambrosia
 u - a potion of berserk rage
 v - a potion of brilliance
 E - 4 potions of magic
 K - a potion of cancellation
 M - 2 potions of flight
 V - 2 potions of agility
 Z - a potion of haste
Books
 W - a manual of Ice Magic
 X - a manual of Ice Magic
Miscellaneous
 N - a sack of spiders
 O - a phial of floods
Comestibles
 b - 4 bread rations
 I - 3 slices of pizza


   Skills:
 - Level 2.4(0.1) Fighting
 * Level 10.4(7.6) Dodging
 - Level 1.0(0.0) Stealth
 + Level 12.9(9.9) Unarmed Combat
 + Level 5.3(2.9) Spellcasting
 + Level 10.1(7.4) Transmutations
 * Level 6.0(3.6) Ice Magic
 + Level 5.3(2.8) Evocations


You had one spell level left.
You knew the following spells:

 Your Spells              Type           Power        Failure   Level  Hunger
a - Ice Form              Ice/Tmut       ##......     38%         4    #####..
b - Blink                 Tloc           N/A          45%         2    ###....
c - Repel Missiles        Chrm/Air       #.....       45%         2    ###....
d - Mephitic Cloud        Conj/Pois/Air  #.......     77%         3    ###....
e - Yara's Violent Unrav  Hex/Tmut       ##........   96%         5    ######.
x - Blade Hands           Tmut           ###.......   43%         5    ######.
z - Beastly Appendage     Tmut           ###...       7%          1    #......


Dungeon Overview and Level Annotations

Branches:
Dungeon (10/15)            Temple (0/1) D:7            Lair (6/6) D:9
  Swamp (0/4) Lair:2       Spider (0/4) Lair:4        Slime (5/5) Lair:6
    Orc (2/2) D:10            Elf (0/3) Orc:2

Altars:
Elyvilon
Fedhas
Kikubaaqudgha
Makhleb
Nemelex Xobeh
Vehumet
Jiyva

Shops:
D:5 *   D:8 %   D:9 [   Orc:2 ?

Annotations:
D:6 exclusion: oklob plant
Slime:5 Royal Jelly
Orc:2 Nergalle


Innate Abilities, Weirdness & Mutations

You are too large for most types of armour.
You have claws for hands.
Your metabolism is lightning-fast.
You like to eat raw meat.
Your natural rate of healing is unusually fast.
You are covered in fur. (AC +1)
You have very tough skin. (AC +2)
You have a small jelly attached to you that senses nearby items.


Message History

Your azure jelly barely misses the spectral orc warrior.
Your azure jelly hits the spectral orc warrior.
Your azure jelly hits the spectral orc warrior but does no damage.
The spectral orc warrior hits you but does no damage.
The spectral orc warrior hits your azure jelly with a war axe.
The jelly hits something.
The acid corrodes something!
The orc sorcerer hits you but does no damage.
The orc wizard hits you but does no damage.
The spectral orc knight barely misses you.
The soul eater draws from the surrounding life force!
* * * LOW HITPOINT WARNING * * *
The jelly is severely wounded.
Your azure jelly hits the spectral orc warrior.
Your azure jelly freezes the spectral orc warrior!
The spectral orc warrior resists.
The spectral orc warrior is destroyed!
The spectral orc warrior hits you but does no damage.
The orc sorcerer casts a spell at you. The bolt of negative energy hits you!
You feel drained.
You die...

..........#. ......#####
* ....########## *
#.≈#####≈≈≈≈≈##### ####
.§≈#≈§≈≈§≈≈§≈≈≈≈≈##≈§≈#
≈≈§##≈≈≈≈≈§§§...##...§
§≈≈≈###8.§§≈§.Z.+..8###
≈≈###....§§§§.8.#oZ.._#
≈≈#.............@Zo...#
≈##..≈≈≈...≈≈≈.J#o3Z..8§
≈#8.#####.§§#####o3....§
≈##..≈≈≈...≈# o{....#
§§#........≈# ..J..##
#≈###......§# §§§.##
#≈≈§####...§# §§§.#
≈≈≈≈§≈≈....≈# #≈..#
...........≈#


You could see a soul eater, Nergalle, a sun demon, a spectral orc, a spectral
orc warrior, 2 spectral orc knights, 2 orc sorcerers, an orc wizard, an orc, a
neutral jelly (fellow slime) and a friendly azure jelly.

Vanquished Creatures
  Gastronok (Lair:2)
  Nessos (Lair:5)
  The ghost of JanusIIV the Brawler, a journeyman TrBe of Trog (Lair:4)
  Snorg (Lair:3)
  5 hydras
  An ogre mage (Orc:2)
  An orc high priest (Orc:2)
  Pikel (D:8)
  An ugly thing (D:10)
  A necromancer (IceCv)
  A wolf spider (Lair:6)
  8 orc sorcerers (Orc:2)
  Maurice (D:10)
  6 elephants (Lair:3)
  7 black mambas
  An ice statue (IceCv)
  A guardian serpent (Lair:6)
  16 spiny frogs
  10 freezing wraiths (IceCv)
  2 komodo dragons (Lair:3)
  2 rime drakes (Lair:6)
  The ghost of RegularSin the Changer, an amateur DrTm of Vehumet (D:4)
  A two-headed ogre (D:10)
  4 hornets (Lair:6)
  2 trolls
  6 hippogriffs
  3 redbacks
  Sigmund (D:2)
  A vampire (D:7)
  A wraith (D:10)
  27 yaks
  6 wyverns
  4 hungry ghosts
  2 basilisks
  A steam dragon (Lair:3)
  2 death yak simulacra (IceCv)
  Menkaure (D:4)
  2 wargs (Orc:2)
  Edmund (D:5)
  A swamp worm (Lair:2)
  15 water moccasins
  2 hell hounds (D:9)
  Duvessa (D:4)
  10 porcupines
  A black bear (Lair:3)
  7 orc warriors
  A phantom (D:7)
  9 ice beasts
  A sky beast (D:6)
  13 ogres
  7 wolves
  5 centaurs
  12 crocodiles
  3 big kobolds
  Blork the orc (D:5)
  12 bullfrogs
  A wyvern zombie (D:9)
  Dowan (D:4)
  3 killer bees
  2 scorpions
  4 wights (D:10)
  3 howler monkeys
  5 crimson imps
  7 draconian simulacra (IceCv)
  5 hounds
  A jelly (D:10)
  11 orc priests
  Crazy Yiuf (D:7)
  10 orc wizards
  3 iguanas
  2 hell rats (Lair:5)
  Ijyb (D:3)
  Terence (D:2)
  A polar bear simulacrum (IceCv)
  13 worker ants
  3 troll simulacra (IceCv)
  3 spriggan simulacra (IceCv)
  A wolf simulacrum (IceCv)
  3 centaur simulacra (IceCv)
  A hound skeleton (D:10)
  2 worker ant zombies
  8 gnolls
  3 naga simulacra (IceCv)
  19 adders
  An ogre simulacrum (IceCv)
  8 river rats
  2 shadow imps
  12 white imps (IceCv)
  An ooze (D:2)
  An adder zombie (D:10)
  3 worms
  A dart slug (D:3)
  5 leopard geckos
  44 orcs
  11 bats
  2 giant cockroaches (D:2)
  16 goblins
  5 hobgoblins
  12 jackals
  3 quokkas
  A ball python (D:6)
  A frilled lizard (D:3)
  A jackal skeleton (D:7)
  19 kobolds
  8 rats
  A plant (D:5)
512 creatures vanquished.

Vanquished Creatures (collateral kills)
  A minotaur (Lab)
1 creature vanquished.

Vanquished Creatures (others)
  8 acid blobs (Slime:5)
  An azure jelly (Slime:5)
  2 death oozes (Slime:5)
  2 great orbs of eyes (Slime:5)
  A shining eye (Slime:5)
  A black mamba (Lair:6)
  8 slime creatures (Slime:5)
  An eye of draining (Slime:5)
  A bullfrog (D:8)
  32 jellies
  10 orc wizards (Orc:2)
  8 orcs
  A quokka skeleton (D:5)
  18 fungi
  27 plants
121 creatures vanquished.

Grand Total: 634 creatures vanquished

Notes
Turn   | Place    | Note
-------+----------+-------------------------------------------
     0 | D:1      | Grinner the Troll Monk began the quest for the Orb.
     0 | D:1      | Reached XP level 1. HP: 22/22 MP: 0/0
   180 | D:1      | Reached XP level 2. HP: 29/29 MP: 1/1
   230 | D:1      | Reached skill level 4 in Unarmed Combat
   430 | D:2      | Reached XP level 3. HP: 36/36 MP: 2/2
   674 | D:2      | Reached XP level 4. HP: 44/44 MP: 3/3
   778 | D:2      | Reached skill level 5 in Unarmed Combat
   795 | D:2      | Noticed Terence
   803 | D:2      | Killed Terence
   994 | D:2      | Noticed Sigmund
  1009 | D:2      | Killed Sigmund
  1009 | D:2      | Reached skill level 6 in Unarmed Combat
  1009 | D:2      | Reached XP level 5. HP: 50/50 MP: 4/4
  1015 | D:2      | Reached XP level 6. HP: 59/59 MP: 5/5
  1173 | D:3      | Learned a level 1 spell: Beastly Appendage
  1178 | D:3      | Learned a level 4 spell: Ice Form
  1663 | D:3      | Reached skill level 7 in Unarmed Combat
  1663 | D:3      | Reached skill level 1 in Transmutations
  1788 | D:3      | Noticed Ijyb
  1800 | D:3      | Killed Ijyb
  2285 | D:4      | Noticed RegularSin's ghost (amateur DrTm)
  2293 | D:4      | Noticed Dowan
  2305 | D:4      | Killed RegularSin's ghost
  2305 | D:4      | Reached XP level 7. HP: 48/66 MP: 4/6
  2317 | D:4      | Killed Dowan
  2373 | D:4      | Noticed Duvessa
  2380 | D:4      | Killed Duvessa
  2395 | D:4      | Noticed Menkaure
  2412 | D:4      | Killed Menkaure
  2550 | D:4      | Found a glowing drain.
  2556 | Sewer    | Entered a sewer
  2611 | Sewer    | Reached skill level 8 in Unarmed Combat
  2611 | Sewer    | Reached XP level 8. HP: 68/74 MP: 7/7
  3027 | D:5      | Entered Level 5 of the Dungeon
  3483 | D:5      | Found Haismi's Assorted Antiques.
  3485 | D:5      | Noticed Blork the orc
  3497 | D:5      | Killed Blork the orc
  3500 | D:5      | Bought an emerald potion for 28 gold pieces
  3500 | D:5      | Bought a scroll labeled REDIFRA YSTOI for 32 gold pieces
  3500 | D:5      | Bought a scroll labeled JIZOEMIUTS for 32 gold pieces
  3519 | D:5      | Noticed Edmund
  3565 | D:5      | Killed Edmund
  3565 | D:5      | Reached skill level 5 in Transmutations
  3620 | D:5      | Found a burning altar of Makhleb.
  3620 | D:5      | Found a sparkling altar of Nemelex Xobeh.
  3862 | D:5      | Found a white marble altar of Elyvilon.
  4070 | D:6      | Gained mutation: You are somewhat resistant to further mutation. [potion of mutation]
  4179 | D:6      | Found a blossoming altar of Fedhas.
  4193 | D:6      | Noticed an oklob plant
  4292 | D:6      | Reached skill level 9 in Unarmed Combat
  4578 | D:6      | Reached XP level 9. HP: 80/80 MP: 8/8
  5451 | D:7      | Found a staircase to the Ecumenical Temple.
  5595 | D:7      | Found a runed door.
  5599 | D:7      | Noticed Crazy Yiuf
  5602 | D:7      | Killed Crazy Yiuf
  5651 | D:8      | Noticed Pikel
  5660 | D:8      | Killed Pikel
  5695 | D:8      | Reached skill level 10 in Unarmed Combat
  5880 | D:8      | Found Odegh's Food Emporium.
  5995 | D:8      | Reached XP level 10. HP: 88/88 MP: 9/9
  6209 | D:9      | Reached skill level 1 in Spellcasting
  6726 | D:9      | Found a staircase to the Lair.
  7166 | D:9      | Found Zayl's Antique Armour Emporium.
  7408 | D:8      | Found a radiant altar of Vehumet.
  7424 | D:9      | Reached skill level 5 in Dodging
  7458 | D:10     | Entered Level 10 of the Dungeon
  7537 | D:10     | Noticed Maurice
  7553 | D:10     | Killed Maurice
  7567 | D:10     | Noticed a purple ugly thing
  7581 | D:10     | Killed a purple ugly thing
  7612 | D:10     | Reached XP level 11. HP: 65/94 MP: 13/13
  7643 | D:10     | Reached skill level 11 in Unarmed Combat
  7729 | D:10     | Learned a level 5 spell: Blade Hands
  8059 | D:10     | Found a staircase to the Orcish Mines.
  8081 | Orc:1    | Entered Level 1 of the Orcish Mines
  8207 | D:9      | Bought a glowing cloak for 294 gold pieces
  8259 | Lair:1   | Entered Level 1 of the Lair of Beasts
  8259 | Lair:1   | Noticed a four-headed hydra
  8270 | Lair:1   | Killed a four-headed hydra
  8286 | Lair:1   | Reached skill level 1 in Evocations
  8569 | Lair:1   | Identified a scroll of acquirement
  8571 | Lair:1   | Got a twisted cloak
  8587 | Lair:1   | Identified the +1 cloak of the Burgomaster {rF+ Str+3} (You acquired it on level 1 of the Lair of Beasts)
  9539 | Lair:2   | Found a staircase to the Swamp.
  9854 | Lair:2   | Noticed Gastronok
  9880 | Lair:2   | Killed Gastronok
  9880 | Lair:2   | Reached XP level 12. HP: 35/104 MP: 10/16
 10276 | Lair:3   | Noticed a six-headed hydra
 10287 | Lair:3   | Killed a six-headed hydra
 10481 | Lair:3   | Reached skill level 12 in Unarmed Combat
 10775 | Lair:3   | Noticed Snorg
 10792 | Lair:3   | Killed Snorg
 11552 | Lair:3   | Learned a level 2 spell: Blink
 11569 | Lair:4   | Found a frozen archway.
 11578 | IceCv    | Entered an ice cave
 12114 | IceCv    | Reached XP level 13. HP: 110/110 MP: 12/18
 12224 | IceCv    | Found an ancient bone altar of Kikubaaqudgha.
 12884 | Lair:5   | Reached skill level 1 in Ice Magic
 13225 | Lair:5   | Noticed Nessos
 13426 | Lair:5   | Killed Nessos
 13637 | Lair:6   | Entered Level 6 of the Lair of Beasts
 13637 | Lair:6   | Found a viscous altar of Jiyva.
 13637 | Lair:6   | Found a staircase to the Slime Pits.
 13640 | Lair:6   | Became a worshipper of Jiyva Jatac the Shapeless
 13640 | Lair:6   | Reached * piety under Jiyva
 13640 | Lair:6   | Reached ** piety under Jiyva
 13692 | Lair:6   | Found a labyrinth entrance.
 13701 | Lab      | Entered a labyrinth
 14038 | Lab      | Noticed a minotaur
 14044 | Lab      | Killed a minotaur
 14053 | Lab      | Identified the Handbook of Cankerous Cold
 14062 | Lab      | Reached *** piety under Jiyva
 14134 | Lair:6   | Gained mutation: You passively map a small area around you. [Jiyva's grace]
 14188 | Lair:6   | Reached **** piety under Jiyva
 14486 | Lair:6   | Reached skill level 5 in Spellcasting
 14577 | Lair:6   | Reached skill level 10 in Transmutations
 14581 | Lair:6   | Gained mutation: You are covered in slimy tendrils that may disarm your opponents. [Jiyva's grace]
 14776 | Lair:6   | Reached ***** piety under Jiyva
 14801 | Lair:6   | Reached skill level 10 in Dodging
 15224 | Lair:6   | Reached skill level 5 in Evocations
 15229 | Lair:6   | Reached skill level 5 in Ice Magic
 15342 | Lair:6   | Lost mutation: You are covered in slimy tendrils that may disarm your opponents. [Jiyva's grace]
 15547 | Slime:1  | Entered Level 1 of the Pits of Slime
 15555 | Slime:3  | Noticed an acid blob
 15566 | Slime:5  | Entered Level 5 of the Pits of Slime
 15566 | Slime:5  | Noticed a death ooze
 15577 | Slime:5  | Noticed an acid blob
 15585 | Slime:5  | Noticed an acid blob
 15590 | Slime:5  | Found a viscous altar of Jiyva.
 15590 | Slime:5  | Noticed an acid blob
 15590 | Slime:5  | Noticed an acid blob
 15590 | Slime:5  | Noticed an acid blob
 15592 | Slime:5  | Noticed a death ooze
 15593 | Slime:5  | Noticed an azure jelly
 15593 | Slime:5  | Noticed the Royal Jelly
 15593 | Slime:5  | Noticed an acid blob
 15593 | Slime:5  | Noticed an azure jelly
 15593 | Slime:5  | Noticed a death ooze
 15593 | Slime:5  | Noticed an acid blob
 15614 | Slime:5  | Killed a death ooze
 15618 | Slime:5  | Killed an acid blob
 15626 | Slime:5  | Killed an acid blob
 15635 | Slime:5  | Killed a death ooze
 15639 | Slime:5  | Killed an acid blob
 15641 | Slime:5  | Killed an acid blob
 15642 | Slime:5  | Killed an acid blob
 15644 | Slime:5  | Learned a level 2 spell: Repel Missiles
 15646 | Slime:5  | Killed an acid blob
 15648 | Slime:5  | Learned a level 3 spell: Mephitic Cloud
 15649 | Slime:5  | Killed an acid blob
 15654 | Slime:5  | Learned a level 5 spell: Yara's Violent Unravelling
 15660 | Slime:5  | Killed an azure jelly
 15686 | Slime:5  | Noticed an acid blob
 15706 | Slime:5  | Gained mutation: Your body has grown golden eyes which may confuse attackers. (Acc +3) [Jiyva's grace]
 15720 | Slime:5  | Killed an acid blob
 15784 | Lair:4   | Noticed JanusIIV's ghost (journeyman TrBe)
 15802 | Lair:4   | Killed JanusIIV's ghost
 16014 | Orc:2    | Entered Level 2 of the Orcish Mines
 16131 | Orc:2    | Found a staircase to the Elven Halls.
 16134 | Orc:2    | Lost mutation: You are somewhat resistant to further mutation. [Jiyva's grace]
 16164 | Orc:2    | Reached XP level 14. HP: 80/118 MP: 16/20
 16264 | Orc:2    | Lost mutation: You passively map a small area around you. [Jiyva's grace]
 16273 | Orc:2    | Reached ****** piety under Jiyva
 16275 | Orc:2    | Lost mutation: Your body has grown golden eyes which may confuse attackers. (Acc +3) [Jiyva's grace]
 16321 | Orc:2    | Found Taqel's Magic Scroll Shoppe.
 16359 | Orc:2    | Gained mutation: You have a small jelly attached to you that senses nearby items. [Jiyva's grace]
 16385 | Orc:2    | Found an ancient bone altar of Kikubaaqudgha.
 16386 | Orc:2    | Noticed Nergalle
 16396 | Orc:2    | Paralysed by an orc sorcerer for 5 turns
 16401 | Orc:2    | Killed from afar by an orc sorcerer

Skill      XL: |  1  2  3  4  5  6  7  8  9 10 11 12 13 14 |
---------------+-------------------------------------------+-----
Unarmed Combat | 4 6 7 8 9 10 11 12 | 12.9
Transmutations | 2 4 6 7 8 9 10 | 10.1
Dodging        | 5 7 9 10 | 10.4
Spellcasting   | 2 3 4 5 |  5.3
Evocations     | 2 4 5 |  5.3
Ice Magic      | 5 6 |  6.0
Fighting       | |  2.4
Stealth        | |  1.0

Action                   |  1- 3 |  4- 6 |  7- 9 | 10-12 | 13-15 || total
-------------------------+-------+-------+-------+-------+-------++-------
Melee: Unarmed           |    75 |   132 |   322 |   714 |   444 ||  1687
       Punch             |     1 |     4 |    15 |    40 |    26 ||    86
       Headbutt          |       |     3 |       |    15 |     9 ||    27
       Kick              |       |       |       |    28 |     5 ||    33
 Cast: Beastly Appendage |       |     1 |     1 |    12 |     8 ||    22
       Blade Hands       |       |       |       |    20 |    23 ||    43
       Ice Form          |       |       |       |     2 |     3 ||     5
Invok: Request Jelly     |       |       |       |       |     2 ||     2
       Slimify           |       |       |       |       |     1 ||     1
Evoke: Wand              |       |       |       |       |     2 ||     2
       Sack of spiders   |       |       |       |       |     2 ||     2
       Phial of floods   |       |       |       |       |     1 ||     1
  Use: Potion            |       |     1 |     6 |     6 |     2 ||    15
       Scroll            |       |       |    14 |     9 |    13 ||    36
 Stab: Sleeping          |     2 |     1 |     3 |     4 |       ||    10
       Paralysed         |       |       |       |       |     7 ||     7
       Confused          |       |       |       |       |     2 ||     2
  Eat: Chunk             |    11 |    13 |    26 |    68 |    20 ||   138
       Bread ration      |       |       |     1 |     1 |     4 ||     6
Armor: Robe              |    23 |    50 |   113 |   178 |   105 ||   469
       Skin              |       |       |       |    13 |     4 ||    17
Dodge: Dodged            |    23 |    60 |   157 |   399 |   292 ||   931
